Map: [ESL] Data-C

Players

PeakLeadMale (MeomaikA)

  • Race: Zerg Zerg
  • League: Master
  • Spawn Location: 9:00

Rex - Winner!

  • Race: Zerg Zerg
  • League: Master
  • Spawn Location: 3:00

Event: TSL 9

VOD

Have the link to the VOD?

Description

Time

  • Played on: July 31, 2022, 8:49 a.m.
  • Length: 11:11

All games in this series

Show
View Real Time Build Order
Export as new Build Order

PeakLeadMale Zerg 

Build Orders: Pool First 

Get SALT Encoding   

  12  0:00  Drone  
  13  0:08  Drone  
  14  0:16  Overlord  
  14  0:26  Drone, Extractor  
  15  0:35  Drone x2  
  17  0:45  Spawning Pool  
  17  0:48  Drone  
  17  1:08  Hatchery  
  17  1:11  Drone  
  17  1:14  Drone  
  17  1:16  Extractor  
  17  1:31  Zergling x4  
  19  1:32  Queen  
  19  1:37  Drone  
  22  1:47  Overlord  
  22  2:06  Drone  
  22  2:08  Queen  
  23  2:11  Drone  
  26  2:16  Metabolic Boost  
  26  2:21  Drone x2  
  28  2:25  Queen  
  29  2:33  Drone x2  
  30  2:41  Drone x2  
  30  2:42  Drone  
  30  2:43  Drone  
  34  2:49  Overlord  
  34  2:58  Zergling x2  
  35  3:02  Roach Warren  
  34  3:06  Zergling x2  
  34  3:07  Zergling x4  
  37  3:15  Zergling x6  
  37  3:16  Zergling x4  
  42  3:20  Zergling x2  
  42  3:21  Zergling x2  
  42  3:25  Overlord  
  44  3:43  Overlord  
  44  3:45  Roach x4  
  52  3:54  Overlord  
  52  3:59  Overlord  
  52  4:00  Overlord  
  52  4:03  Drone  
  52  4:04  Drone  
  52  4:05  Drone  
  55  4:12  Roach x2  
  55  4:13  Roach  
  55  4:16  Roach  
  57  4:20  Roach  
  57  4:23  Roach  
  61  4:25  Roach  
  61  4:28  Roach  
  65  4:31  Drone x2  
  67  4:40  Zergling x6  
  67  4:45  Zergling x2  
  71  4:54  Zergling x2  
  71  4:55  Zergling x2  
  69  5:01  Zergling x6  
  69  5:02  Overlord  
  69  5:04  Overlord  
  69  5:05  Drone x2  
  69  5:06  Queen  
  76  5:07  Drone  
  76  5:15  Zergling x2  
  76  5:19  Zergling x2  
  73  5:25  Zergling x2  
  68  5:30  Zergling x2  
  68  5:32  Zergling x2  
  68  5:33  Drone x2  
  72  5:36  Drone  
  72  5:40  Lair, Hatchery  
  72  5:42  Queen  
  71  5:44  Drone  
  71  5:47  Drone  
  75  5:54  Drone  
  76  5:57  Drone  
  76  6:00  Drone x2  
  76  6:02  Zergling x2, Overlord  
  76  6:03  Zergling x2  
  78  6:05  Drone  
  78  6:09  Extractor x2  
  78  6:10  Roach  
  77  6:12  Roach  
  77  6:16  Roach  
  81  6:22  Roach  
  83  6:27  Roach  
  83  6:29  Roach x5  
  83  6:30  Roach  
  97  6:36  Overlord  
  98  6:41  Hatchery  
  98  6:43  Roach  
  98  6:45  Glial Reconstitution  
  99  6:59  Roach x4  
  99  7:00  Overlord x2  
  107  7:02  Overlord  
  107  7:03  Drone  
  107  7:04  Drone  
  107  7:05  Drone  
  109  7:17  Roach x2  
  109  7:22  Zergling x2  
  110  7:25  Zergling x6  
  110  7:26  Zergling x2, Overlord  
  110  7:28  Zergling x2  
  110  7:29  Drone  
  114  7:36  Drone  
  115  7:37  Evolution Chamber x2  
  115  7:39  Roach  
  115  7:46  Roach  
  115  7:49  Roach  
  119  7:54  Roach x3  
  119  7:55  Roach x2  
  129  8:01  Overlord  
  129  8:04  Zerg Ground Armor Level 1  
  129  8:07  Zerg Missile Weapons Level 1  
  129  8:08  Roach x2  
  129  8:12  Roach  
  135  8:16  Roach  
  135  8:17  Roach  
  135  8:19  Roach  
  128  8:21  Roach  
  128  8:24  Roach  
  113  8:28  Roach  
  113  8:30  Roach  
  113  8:31  Zergling x8  
  113  8:33  Zergling x2  
  100  8:35  Zergling x2  
  100  8:37  Zergling x2  
  100  8:38  Zergling x2  
  100  8:40  Zergling x2  
  94  8:45  Zergling x2  
  87  8:49  Zergling x4  
  87  8:50  Zergling x4  
  87  8:53  Zergling x2  
  87  8:54  Zergling x2  
  82  8:56  Zergling x2  
  82  8:57  Zergling x2  
  82  8:59  Zergling x2  
  82  9:01  Zergling x2  
  81  9:04  Zergling x2  
  81  9:05  Zergling x2  
  81  9:09  Roach  
  85  9:10  Roach  
  85  9:12  Zergling x2  
  88  9:17  Roach x2  
  88  9:20  Roach  
  88  9:21  Roach  
  96  9:27  Roach x3  
  96  9:29  Zergling x2  
  103  9:33  Roach  
  103  9:36  Roach  
  103  9:37  Roach  
  109  9:39  Roach  
  109  9:42  Roach x2  
  115  9:46  Roach  
  115  9:49  Roach x2  
  113  9:55  Roach x2  
  113  9:56  Drone  
  113  9:57  Drone  
  116  10:00  Roach  
  116  10:01  Roach  
  116  10:03  Drone  
  116  10:04  Drone  
  116  10:05  Drone  
  123  10:13  Roach x3  
  129  10:15  Roach  
  129  10:18  Roach  
  129  10:20  Roach  
  133  10:22  Roach  
  133  10:23  Roach  
  133  10:27  Roach  
  133  10:28  Roach  
  135  10:30  Roach  
  135  10:32  Roach  
  135  10:34  Roach  
  122  10:37  Roach  
Show
View Real Time Build Order
Export as new Build Order

Rex Zerg - Winner!

Build Orders: Hatch First 

Get SALT Encoding   

  12  0:00  Drone  
  13  0:12  Overlord  
  13  0:17  Drone  
  14  0:30  Drone x2  
  16  0:48  Hatchery  
  15  0:51  Drone  
  15  0:54  Drone  
  17  0:58  Drone  
  18  1:08  Extractor  
  17  1:13  Spawning Pool  
  17  1:16  Drone  
  17  1:20  Drone  
  18  1:27  Drone  
  19  1:38  Drone  
  20  1:49  Drone  
  21  2:00  Queen x2  
  21  2:01  Zergling x4  
  27  2:10  Overlord  
  27  2:12  Drone  
  27  2:13  Metabolic Boost  
  27  2:31  Drone x2  
  27  2:36  Drone  
  27  2:37  Baneling Nest, Drone  
  31  2:43  Drone x2  
  32  2:57  Hatchery  
  31  2:58  Overlord  
  31  3:04  Drone x3  
  34  3:07  Zergling x2  
  35  3:16  Queen  
  35  3:18  Zergling x4  
  35  3:19  Drone  
  40  3:20  Drone  
  40  3:26  Evolution Chamber  
  40  3:29  Drone, Overlord  
  41  3:39  Zergling x4  
  41  3:41  Overlord  
  43  3:42  Overlord  
  43  3:44  Baneling x2  
  43  3:45  Baneling  
  43  3:47  Zergling x2  
  43  3:48  Zergling x2  
  45  3:49  Baneling  
  45  3:52  Zergling x4  
  46  4:01  Zergling x2, Drone  
  48  4:05  Zergling x2, Drone  
  48  4:07  Zergling x2  
  48  4:11  Zergling x4  
  49  4:18  Zergling x8  
  53  4:28  Zerg Ground Armor Level 1, Extractor  
  53  4:29  Roach Warren  
  53  4:30  Drone x3  
  54  4:32  Drone x2  
  54  4:35  Drone  
  54  4:37  Overlord  
  57  4:39  Drone  
  57  4:42  Zergling x2  
  57  4:45  Zergling x2  
  59  4:48  Spine Crawler  
  59  4:50  Zergling x2, Drone  
  60  4:54  Zergling x4  
  60  4:56  Zergling x2, Drone  
  63  5:01  Zergling x2  
  63  5:06  Drone  
  65  5:09  Zergling x2  
  65  5:11  Drone  
  65  5:12  Zergling x2, Drone  
  68  5:15  Zergling x2, Drone  
  68  5:20  Zergling x2  
  65  5:23  Zergling x2, Drone  
  65  5:24  Zergling x4  
  65  5:26  Drone  
  63  5:32  Roach  
  63  5:33  Zergling x2  
  63  5:34  Baneling  
  65  5:37  Roach  
  65  5:42  Zergling x4  
  72  5:47  Overlord  
  73  6:02  Roach, Overlord  
  73  6:03  Overlord x2  
  74  6:07  Roach  
  74  6:09  Roach  
  78  6:16  Roach  
  78  6:17  Roach x3  
  78  6:18  Extractor  
  79  6:19  Overlord  
  79  6:22  Hatchery  
  78  6:32  Drone x5, Zerg Missile Weapons Level 1  
  83  6:34  Extractor  
  83  6:36  Extractor  
  83  6:37  Roach  
  83  6:38  Roach  
  83  6:39  Roach  
  84  6:44  Roach  
  84  6:45  Overlord  
  84  6:46  Drone x2  
  87  6:47  Roach  
  87  6:53  Roach  
  90  6:58  Roach x2  
  94  7:01  Roach  
  94  7:04  Roach  
  94  7:05  Roach  
  94  7:07  Zergling x2, Roach  
  105  7:08  Roach  
  105  7:12  Roach x2  
  105  7:14  Roach  
  110  7:17  Roach  
  110  7:19  Roach  
  112  7:27  Roach  
  112  7:29  Drone  
  113  7:35  Drone  
  114  7:39  Drone x2  
  114  7:44  Zergling x4  
  118  7:45  Baneling x3  
  118  7:46  Baneling  
  118  7:47  Baneling  
  118  7:48  Baneling  
  118  7:49  Zergling x2  
  119  7:51  Zergling x2  
  119  7:52  Zergling x2  
  119  7:54  Zergling x2  
  119  7:55  Zergling x2  
  119  7:58  Zergling x4  
  125  8:01  Zergling x4  
  125  8:02  Baneling x2  
  127  8:08  Zergling x2  
  127  8:09  Baneling  
  128  8:15  Zergling x2  
  128  8:17  Zergling x2, Drone  
  128  8:19  Zergling x2, Drone  
  125  8:21  Zergling x2, Drone  
  125  8:23  Zergling x4, Drone x2  
  125  8:26  Zergling x6  
  117  8:29  Zergling x4  
  117  8:34  Zergling x2  
  104  8:35  Zergling x2, Drone  
  104  8:36  Zergling x4  
  104  8:39  Zergling x4  
  101  8:44  Zergling x6  
  101  8:46  Zergling x4  
  94  8:53  Roach x3  
  92  8:57  Roach x2  
  92  8:59  Drone x2  
  88  9:03  Lair  
  88  9:07  Roach x2  
  88  9:09  Drone x2  
  90  9:11  Roach  
  90  9:15  Roach  
  90  9:16  Roach  
  98  9:17  Roach  
  98  9:18  Roach  
  98  9:23  Roach x2  
  104  9:25  Roach  
  104  9:27  Drone x3  
  104  9:29  Roach  
  111  9:32  Roach  
  111  9:33  Roach  
  111  9:38  Overlord x2  
  115  9:40  Roach  
  115  9:41  Roach  
  118  9:50  Roach x5  
  123  9:54  Roach x2  
  123  9:57  Roach x2  
  131  10:04  Zergling x2, Roach  
  131  10:05  Zergling x4  
  131  10:06  Roach  
  138  10:10  Roach  
  138  10:11  Roach  
  138  10:12  Zergling x6  
  142  10:27  Roach  
  142  10:28  Roach  
  142  10:29  Roach x3  
  142  10:30  Zergling x6, Roach x2  
  142  10:34  Roach  
  138  10:36  Roach  
  138  10:39  Zergling x2  
Tags
 
Add a new tag
Caveats
  • Supply blocks, unpowered buildings, or Contaminate may cause inaccurate times.
  • Supply counts are checked every 10 seconds.